 Dungeon Crawl Stone Soup version 0.18-a0-23-g19353e1 (webtiles) character file.

1367 Dirtsage the Covered (level 8, -1/74 HPs)
             Began as a Deep Dwarf Fighter on Nov 2, 2015.
             Slain by an ogre
             ... wielding a +0 giant spiked club
              (18 damage)
             ... on level 6 of the Dungeon.
             The game lasted 00:13:01 (2709 turns).

Dirtsage the Covered (Deep Dwarf Fighter)           Turns: 2709, Time: 00:13:01

Health: -1/74      AC: 10    Str: 21    XL:     8   Next: 38%
Magic:  8/8        EV:  8    Int: 10    God:
Gold:   137        SH: 10    Dex: 12    Spells: 0 memorised, 7 levels left

rFire  . . .     SeeInvis .     s - +1 broad axe (chop)
rCold  . . .     Clarity  .     F - +0 ring mail {rPois}
rNeg   . . .     SustAt   .     c - +0 shield
rPois  +         Gourm    .     z - +0 helmet
rElec  .         Spirit   .     (no cloak)
rCorr  .         Warding  .     (no gloves)
rMut   .         Stasis   .     G - +1 pair of boots
MR     +....                    (no amulet)
Stlth  +.........               (no ring)
                                (no ring)

@: non-regenerating, somewhat resistant to hostile enchantments, very unstealthy
A: damage resistance, recharge devices, sense surroundings 1, slow regeneration
3
a: Device Recharging


You were on level 6 of the Dungeon.
You were not hungry.

You visited 2 branches of the dungeon, and saw 7 of its levels.

You collected 229 gold pieces.
You spent 92 gold pieces at shops.

Inventory:

Hand Weapons
 a - a +0 war axe
 s - a +1 broad axe of chopping (weapon)
Armour
 b - a +0 scale mail
 c - a +0 shield (worn)
 z - a +0 helmet (worn)
 F - a +0 ring mail of poison resistance (worn)
 G - a +1 pair of boots (worn)
Jewellery
 g - an uncursed ring of sustain attributes {unknown}
 v - a +1 ring of evasion {unknown}
 x - an uncursed amulet of guardian spirit {unknown}
 B - an uncursed ring of flight {unknown}
Wands
 e - a wand of heal wounds (1)
 q - a wand of digging (13)
 t - a wand of flame (32)
Scrolls
 i - 2 scrolls of blinking {unknown}
 k - a scroll of noise {unknown}
 l - 2 scrolls of immolation {unknown}
 m - a scroll of recharging {unknown}
 n - a scroll of enchant weapon {unknown}
 p - a scroll of enchant armour {unknown}
 w - 3 scrolls of remove curse {unknown}
 y - a scroll of magic mapping {unknown}
Potions
 d - a potion of might
 h - 4 potions of heal wounds {unknown}
 j - a potion of lignification {unknown}
 o - a potion of curing {unknown}
 r - 2 potions of degeneration {unknown}
 u - a potion of brilliance {unknown}
 E - a potion of resistance {unknown}
 H - a potion of berserk rage {unknown}
 I - a potion of agility {unknown}
Comestibles
 f - 3 bread rations
 A - a beef jerky
 C - 2 fruits
 D - 2 meat rations
 J - a royal jelly
 K - 7 chunks of flesh


   Skills:
 + Level 5.3 Fighting
 + Level 5.3 Axes
 + Level 7.1 Armour
 + Level 6.4 Shields
 + Level 1.6 Evocations


You had 7 spell levels left.
You didn't know any spells.

Dungeon Overview and Level Annotations

Branches:
Dungeon (6/15)             Temple (1/1) D:5

Altars:
Dithmenos
Fedhas
Gozag
Kikubaaqudgha
Nemelex Xobeh
Okawaru
Sif Muna
Trog
Vehumet
The Shining One

Shops:
D:4 %[=*[

Annotations:
D:4 Sigmund


Innate Abilities, Weirdness & Mutations

You are resistant to damage.
You can recharge devices by infusing magical energy.
You passively map a small area around you.
You do not regenerate naturally.


Message History

Things that are here:
a dagger; a runed robe; an orc corpse You butcher the orc corpse.
K - 7 chunks of flesh (gained 2)
Things that are here:
a dagger; a runed robe; an orc skeleton
Items here: )) [[ ††
f - 3 bread rations (gained 1)
You open the door.
There is an open door here.
There is an open door here.
You open the door.
Found an escape hatch in the ceiling.
An ogre comes into view. It is wielding a giant spiked club.
The ogre shouts!
Found a hunting sling.
There is an open door here.
You barely miss the ogre.
The ogre hits you with a giant spiked club!!
You die...

#######
################.....# ,
#..........#...'<....#
#..........#...#@....#
##..###..####..#.O...#
#######'#####..#.)...#
...............#.....# ∩
...............#.......
,
...............######...
, ..................
*... ######..###+#####..
* .. ###.##..###....# ..
, ,


You could see an ogre.

Vanquished Creatures
  The ghost of Dirtsage the Covered, an amateur DDFi (D:4)
  Menkaure (D:4)
  A hungry ghost (D:4)
  A sky beast (D:5)
  An ogre (D:5)
  A phantom (D:5)
  A centaur (D:5)
  Blork the orc (D:4)
  A giant frog (D:6)
  2 scorpions
  A crimson imp (D:6)
  An iguana (D:5)
  2 orc wizards (D:6)
  A centaur skeleton (D:4)
  6 worker ants
  5 adders
  A shadow imp (D:6)
  An ooze (D:1)
  2 worms
  10 orcs
  2 giant cockroaches
  6 goblins
  3 hobgoblins
  4 jackals (D:6)
  2 quokkas
  6 bats
  2 giant geckos
  3 giant newts
  A jackal skeleton (D:5)
  3 kobolds (D:3)
73 creatures vanquished.

Notes
Turn   | Place    | Note
--------------------------------------------------------------
     0 | D:1      | Dirtsage the Deep Dwarf Fighter began the quest for the Orb.
     0 | D:1      | Reached XP level 1. HP: 20/20 MP: 1/1
    93 | D:1      | Reached XP level 2. HP: 27/27 MP: 2/2
   331 | D:3      | Reached XP level 3. HP: 30/34 MP: 3/3
   394 | D:4      | Found Peurem's Armour Emporium.
   395 | D:4      | Noticed Sigmund
   474 | D:3      | Found an opulent altar of Gozag.
   548 | D:3      | Reached skill level 4 in Armour
   636 | D:4      | Reached XP level 4. HP: 28/42 MP: 4/4
   652 | D:4      | Found Todeolu's Assorted Antiques.
   660 | D:4      | Bought a runed broad axe for 92 gold pieces
   885 | D:3      | Found a radiant altar of Vehumet.
  1018 | D:4      | Found Etiyb's Jewellery Shoppe.
  1031 | D:4      | Noticed Dirtsage's ghost (amateur DDFi)
  1045 | D:4      | Killed Dirtsage's ghost
  1045 | D:4      | Reached XP level 5. HP: 4/49 MP: 5/5
  1068 | D:4      | Noticed Menkaure
  1074 | D:4      | Killed Menkaure
  1074 | D:4      | Reached skill level 5 in Armour
  1074 | D:4      | Reached skill level 5 in Shields
  1074 | D:4      | Reached XP level 6. HP: 18/57 MP: 6/6
  1094 | D:4      | Found Vassouha's Food Shoppe.
  1094 | D:4      | Noticed a hungry ghost
  1125 | D:4      | Killed a hungry ghost
  1125 | D:4      | Reached XP level 7. HP: 23/64 MP: 7/7
  1148 | D:4      | Found Qoyx's Armour Emporium.
  1148 | D:4      | Noticed Blork the orc
  1155 | D:4      | Killed Blork the orc
  1577 | D:5      | Entered Level 5 of the Dungeon
  1626 | D:5      | Found an ancient bone altar of Kikubaaqudgha.
  1650 | D:5      | Found a staircase to the Ecumenical Temple.
  1657 | Temple   | Entered the Ecumenical Temple
  1813 | D:5      | Reached skill level 6 in Armour
  1878 | D:5      | HP: 1/66 [something (3)]
  1895 | D:5      | HP: 2/66 [something (5)]
  1897 | D:5      | Reached skill level 1 in Evocations
  1963 | D:5      | Found a bloodstained altar of Trog.
  2024 | D:5      | Reached XP level 8. HP: 22/73 MP: 6/8
  2213 | D:5      | Found a glowing golden altar of the Shining One.
  2293 | D:5      | Reached skill level 5 in Axes
  2313 | D:6      | Reached skill level 5 in Fighting
  2620 | D:6      | Reached skill level 7 in Armour
  2709 | D:6      | Slain by an ogre

Vault maps used:
D:1:      dpeg_arrival_leaves_temple_mockup, serial_forest,
          infiniplex_forest_lined_room_2, infiniplex_forest_clump_medium,
          infiniplex_forest_straight_4, infiniplex_forest_clump_curved,
          infiniplex_forest_straight_1, infiniplex_forest_end_1,
          infiniplex_forest_clump_small
D:2:      cheibriados_altar_1, grunt_temple_overflow_open,
          uniq_crazy_yiuf_cottage
D:3:      lemuel_doored_altar, nicolae_gozag_cash_rules_everything_around_me,
          st_stairs_14, serial_bayou_pond_d
D:4:      first_bread, serial_shops, nicolae_shop_waterfront, shop, shop, shop,
          nicolae_shop_scaring_up_business, uniq_sigmund, uniq_blork_the_orc,
          uniq_menkaure
D:5:      tso_oasis_becter, bloody_trog, temple_green, basic_altar
D:6:      kennysheep_mini, serial_shops, shop_coins, minmay_holes
Temple:   nicolae_temple_hex_pool

Action                   |  1- 3 |  4- 6 |  7- 9 || total
-------------------------+-------+-------+-------++-------
Melee: War axe           |   105 |       |       ||   105
       Broad axe         |       |    71 |   132 ||   203
 Abil: Device Recharging |       |       |     1 ||     1
Evoke: Wand              |       |     3 |     6 ||     9
  Eat: Chunk             |       |     1 |     2 ||     3
       Bread ration      |       |     1 |     1 ||     2
       Fruit             |       |       |     2 ||     2
